TOP OF THE 1ST |
Myrtle Beach Seahawks batting - Pitching for Grand Forks Caterpillars : LHP Armando Gonzáles
|
Pitching: LHP Armando Gonzáles
|
|
Batting: RHB Manuel Díaz
|
0-0: Ball 1-0: Foul Ball, location: 2F 1-1: Swinging Strike 1-2: SINGLE (Line Drive, 34)
|
Batting: RHB Dionísio Prudente
|
0-0: Fly out, F8 (Flyball, 8LM)
|
Batting: RHB Fernando Pérez
|
0-0: Ball 1-0: Called Strike 1-1: Called Strike 1-2: Ball 2-2: Ball 3-2: Strikes out swinging
|
Batting: RHB Jim Unknown
|
0-0: Ball 1-0: Ground out 3-1 (Groundball, 34)
|
Top of the 1st over - 0 run(s), 1 hit(s), 0 error(s), 1 left on base; Myrtle Beach 0 - Grand Forks 0 |
BOTTOM OF THE 1ST |
Grand Forks Caterpillars batting - Pitching for Myrtle Beach Seahawks : RHP José Guardado
|
Pitching: RHP José Guardado
|
|
Batting: SHB Luchino Salimbeni
|
0-0: SINGLE (Line Drive, 34D)
|
Batting: RHB Javier Rivera
|
0-0: Foul Ball, location: 2F 0-1: Ball 1-1: Foul Ball, location: 2F 1-2: Fly out, F7 (Flyball, 78M)
|
Batting: LHB Júlio Castro
|
0-0: Swinging Strike 0-1: Ball 1-1: Fly out, F7 (Flyball, 78M)
|
Batting: LHB Javier Antonio
|
0-0: Ball 1-0: Ball 2-0: Called Strike 2-1: Swinging Strike 2-2: Foul Ball, location: 2F 2-2: Ball 3-2: Base on Balls Luchino Salimbeni to second
|
Batting: RHB Alfonso Baca
|
0-0: Foul Ball, location: 2F 0-1: Ball 1-1: Called Strike 1-2: Ball 2-2: Strikes out looking
|
Bottom of the 1st over - 0 run(s), 1 hit(s), 0 error(s), 2 left on base; Myrtle Beach 0 - Grand Forks 0 |
TOP OF THE 2ND |
Myrtle Beach Seahawks batting - Pitching for Grand Forks Caterpillars : LHP Armando Gonzáles
|
Batting: SHB Jorge Barrios
|
0-0: Called Strike 0-1: Foul Ball, location: 2F 0-2: Strikes out swinging
|
Batting: RHB Rodrigo Lugo
|
0-0: Called Strike 0-1: Bunt for hit - play at first, batter safe!
|
Batting: SHB Tony Martínez
|
0-0: Ball 1-0: Called Strike 1-1: Called Strike Rodrigo Lugo steals 2nd base 1-2: Fly out, F8 (Flyball, 78D)
|
Batting: RHB Roberto Escues
|
0-0: Foul Ball, location: 2F 0-1: Ball 1-1: Ground out 5-3 (Groundball, 5)
|
Top of the 2nd over - 0 run(s), 1 hit(s), 0 error(s), 1 left on base; Myrtle Beach 0 - Grand Forks 0 |
BOTTOM OF THE 2ND |
Grand Forks Caterpillars batting - Pitching for Myrtle Beach Seahawks : RHP José Guardado
|
Batting: RHB Fokke Willemsen
|
0-0: Foul Ball, location: 2F 0-1: Swinging Strike 0-2: Ball 1-2: SINGLE (Line Drive, 6D)
|
Batting: RHB Nobuhiko Nakayama
|
0-0: Called Strike 0-1: Ball 1-1: Ball 2-1: Fly out, F5 (Popup, 25F)
|
Batting: LHB Armando Becerra
|
0-0: Ball 1-0: Ball 2-0: Ball 3-0: Base on Balls Fokke Willemsen to second
|
Batting: LHB Felipe Trujillo
|
0-0: Fly out, F6 (Popup, 6D)
|
Batting: SHB Luchino Salimbeni
|
0-0: Ball 1-0: Foul Ball, location: 2F 1-1: Ball 2-1: Ball 3-1: SINGLE (Groundball, 34) Fokke Willemsen to third Armando Becerra to second Runner from 3rd tries for Home, throw and OUT!
|
Bottom of the 2nd over - 0 run(s), 2 hit(s), 0 error(s), 2 left on base; Myrtle Beach 0 - Grand Forks 0 |
TOP OF THE 3RD |
Myrtle Beach Seahawks batting - Pitching for Grand Forks Caterpillars : LHP Armando Gonzáles
|
Batting: RHB Guillaume Colin
|
0-0: Ball 1-0: Ball 2-0: Ball 3-0: Called Strike 3-1: Base on Balls
|
Batting: RHB Manuel Díaz
|
0-0: Called Strike 0-1: Swinging Strike 0-2: Foul Ball, location: 2F 0-2: Ball 1-2: Ball 2-2: Ball 3-2: Foul Ball, location: 2F 3-2: Strikes out looking
|
Batting: RHB Dionísio Prudente
|
0-0: Swinging Strike 0-1: Grounds into double play, 6-4-3 (Groundball, 6)
|
Top of the 3rd over - 0 run(s), 0 hit(s), 0 error(s), 0 left on base; Myrtle Beach 0 - Grand Forks 0 |
BOTTOM OF THE 3RD |
Grand Forks Caterpillars batting - Pitching for Myrtle Beach Seahawks : RHP José Guardado
|
Batting: RHB Javier Rivera
|
0-0: Called Strike 0-1: Swinging Strike 0-2: Ball 1-2: Strikes out looking
|
Batting: LHB Júlio Castro
|
0-0: Ball 1-0: Fly out, F9 (Flyball, 89M)
|
Batting: LHB Javier Antonio
|
0-0: Called Strike 0-1: Ball 1-1: Swinging Strike 1-2: Strikes out swinging
|
Bottom of the 3rd over - 0 run(s), 0 hit(s), 0 error(s), 0 left on base; Myrtle Beach 0 - Grand Forks 0 |
TOP OF THE 4TH |
Myrtle Beach Seahawks batting - Pitching for Grand Forks Caterpillars : LHP Armando Gonzáles
|
Batting: RHB Fernando Pérez
|
0-0: Ball 1-0: Ball 2-0: Foul Ball, location: 2F 2-1: Fly out, F2 (Popup, 23F)
|
Batting: RHB Jim Unknown
|
0-0: Ball 1-0: DOUBLE (Flyball, 8LXD)
|
Batting: SHB Jorge Barrios
|
0-0: Ball 1-0: Ball 2-0: Called Strike 2-1: Ball 3-1: Foul Ball, location: 2F 3-2: Base on Balls
|
Batting: RHB Rodrigo Lugo
|
0-0: Foul Ball, location: 2F 0-1: Called Strike Jim Unknown steals 3rd base Jorge Barrios to second 0-2: Ball 1-2: Fly out, F7 (Flyball, 78M) Runner from 3rd tags up, SCORES, no throw
|
Batting: SHB Tony Martínez
|
0-0: Called Strike 0-1: Called Strike 0-2: Ball 1-2: Ball 2-2: Strikes out swinging
|
Top of the 4th over - 1 run(s), 1 hit(s), 0 error(s), 1 left on base; Myrtle Beach 1 - Grand Forks 0 |
BOTTOM OF THE 4TH |
Grand Forks Caterpillars batting - Pitching for Myrtle Beach Seahawks : RHP José Guardado
|
Batting: RHB Alfonso Baca
|
0-0: Called Strike 0-1: Fly out, F8 (Line Drive, 8LM)
|
Batting: RHB Fokke Willemsen
|
0-0: Ball 1-0: Ball 2-0: Foul Ball, location: 2F 2-1: Called Strike 2-2: Strikes out swinging
|
Batting: RHB Nobuhiko Nakayama
|
0-0: Ground out 6-3 (Groundball, 6)
|
Bottom of the 4th over - 0 run(s), 0 hit(s), 0 error(s), 0 left on base; Myrtle Beach 1 - Grand Forks 0 |
TOP OF THE 5TH |
Myrtle Beach Seahawks batting - Pitching for Grand Forks Caterpillars : LHP Armando Gonzáles
|
Pitching: RHP Tim Cross
|
|
Batting: RHB Roberto Escues
|
0-0: Ball 1-0: Ball 2-0: Called Strike 2-1: Ball 3-1: Base on Balls
|
Batting: RHB Guillaume Colin
|
0-0: Bunted foul 0-1: Ball 1-1: Sac Bunt - play at first, batter OUT! 1-4 Roberto Escues to second
|
Batting: RHB Manuel Díaz
|
0-0: Ball Roberto Escues steals 3rd base 1-0: Foul Ball, location: 2F 1-1: Foul Ball, location: 2F 1-2: Ball 2-2: Ball 3-2: Foul Ball, location: 2F 3-2: Strikes out swinging
|
Batting: RHB Dionísio Prudente
|
0-0: SINGLE (Groundball, 25) (infield hit) Roberto Escues scores
|
Batting: RHB Fernando Pérez
|
0-0: Ball 1-0: Ball 2-0: Ball 3-0: Called Strike 3-1: Called Strike 3-2: Base on Balls Dionísio Prudente to second
|
Batting: RHB Jim Unknown
|
0-0: Called Strike 0-1: Ground out 4-3 (Groundball, 4)
|
Top of the 5th over - 1 run(s), 1 hit(s), 0 error(s), 2 left on base; Myrtle Beach 2 - Grand Forks 0 |
BOTTOM OF THE 5TH |
Grand Forks Caterpillars batting - Pitching for Myrtle Beach Seahawks : RHP José Guardado
|
Batting: LHB Armando Becerra
|
0-0: Called Strike 0-1: Ground out 1-3 (Groundball, 25)
|
Batting: LHB Felipe Trujillo
|
0-0: Ball 1-0: Fly out, F6 (Line Drive, 56)
|
Batting: SHB Luchino Salimbeni
|
0-0: Called Strike 0-1: Fly out, F7 (Flyball, 7LS)
|
Bottom of the 5th over - 0 run(s), 0 hit(s), 0 error(s), 0 left on base; Myrtle Beach 2 - Grand Forks 0 |
TOP OF THE 6TH |
Myrtle Beach Seahawks batting - Pitching for Grand Forks Caterpillars : RHP Tim Cross
|
Batting: SHB Jorge Barrios
|
0-0: Ball 1-0: Ball 2-0: Ball 3-0: Called Strike 3-1: Ground out U3 (Groundball, 3S)
|
Batting: RHB Rodrigo Lugo
|
0-0: Hit by Pitch
|
Batting: SHB Tony Martínez
|
0-0: Ball Rodrigo Lugo steals 2nd base 1-0: Reached on error, E4 (Groundball, 4) Rodrigo Lugo to third
|
Batting: RHB Roberto Escues
|
0-0: Ball 1-0: Called Strike 1-1: Called Strike 1-2: Strikes out swinging
|
Batting: RHB Guillaume Colin
|
0-0: Ball 1-0: Swinging Strike 1-1: SINGLE (Groundball, 25) (infield hit) Rodrigo Lugo scores Tony Martínez to second
|
Pitching: RHP Luis Villabos
|
|
Batting: RHB Manuel Díaz
|
0-0: Called Strike 0-1: Ball 1-1: Ball 2-1: Foul Ball, location: 2F 2-2: Foul Ball, location: 2F 2-2: Ball 3-2: Base on Balls Tony Martínez to third Guillaume Colin to second
|
Batting: RHB Dionísio Prudente
|
0-0: SINGLE (Flyball, 8RS) Tony Martínez scores Guillaume Colin to third Manuel Díaz to second Runner from 3rd tries for Home, SAFE, no throw or cutoff
|
Batting: RHB Fernando Pérez
|
0-0: Called Strike 0-1: Fly out, F7 (Line Drive, 7S)
|
Top of the 6th over - 3 run(s), 2 hit(s), 1 error(s), 2 left on base; Myrtle Beach 5 - Grand Forks 0 |
BOTTOM OF THE 6TH |
Grand Forks Caterpillars batting - Pitching for Myrtle Beach Seahawks : RHP José Guardado
|
Batting: RHB Javier Rivera
|
0-0: Bunt for hit - play at first, batter OUT! 2-3
|
Batting: LHB Júlio Castro
|
0-0: Fly out, F4 (Popup, 9S)
|
Batting: LHB Javier Antonio
|
0-0: Ball 1-0: Ball 2-0: DOUBLE (Line Drive, 89S)
|
Batting: RHB Alfonso Baca
|
0-0: Ground out 1-3 (Groundball, 15)
|
Bottom of the 6th over - 0 run(s), 1 hit(s), 0 error(s), 1 left on base; Myrtle Beach 5 - Grand Forks 0 |
TOP OF THE 7TH |
Myrtle Beach Seahawks batting - Pitching for Grand Forks Caterpillars : RHP Luis Villabos
|
Batting: RHB Jim Unknown
|
0-0: Ball 1-0: SINGLE (Groundball, 4M)
|
Batting: SHB Jorge Barrios
|
0-0: Called Strike 0-1: Ball 1-1: Called Strike 1-2: Ball 2-2: Ball 3-2: DOUBLE (Groundball, 3L) Jim Unknown to third Runner from 3rd tries for Home, SAFE, no throw or cutoff
|
Batting: RHB Rodrigo Lugo
|
0-0: Swinging Strike 0-1: Ball 1-1: Ball 2-1: Ball 3-1: Ground out 2-3 (Groundball, 2R) Jorge Barrios to third
|
Batting: SHB Tony Martínez
|
0-0: Called Strike 0-1: Foul Ball, location: 2F 0-2: Ball Wild Pitch! Jorge Barrios scores 1-2: Ground out 4-3 (Groundball, 34)
|
Batting: RHB Roberto Escues
|
0-0: Hit by Pitch
|
Batting: RHB Guillaume Colin
|
0-0: Called Strike 0-1: Foul Ball, location: 2F 0-2: Ball 1-2: Ball 2-2: Ball 3-2: SINGLE (Line Drive, 3S) Roberto Escues to second Roberto Escues to third
|
Batting: RHB Manuel Díaz
|
0-0: Ball 1-0: Foul Ball, location: 2F 1-1: Called Strike 1-2: Ball 2-2: Foul Ball, location: 2F 2-2: Strikes out swinging
|
Top of the 7th over - 2 run(s), 3 hit(s), 0 error(s), 2 left on base; Myrtle Beach 7 - Grand Forks 0 |
BOTTOM OF THE 7TH |
Grand Forks Caterpillars batting - Pitching for Myrtle Beach Seahawks : RHP José Guardado
|
Batting: RHB Fokke Willemsen
|
0-0: Ball 1-0: Ground out 1-3 (Groundball, 13S)
|
Batting: RHB Nobuhiko Nakayama
|
0-0: Fly out, F7 (Flyball, 7M)
|
Batting: LHB Armando Becerra
|
0-0: Ball 1-0: Ball 2-0: Called Strike 2-1: Ball 3-1: Fly out, F8 (Flyball, 8LM)
|
Bottom of the 7th over - 0 run(s), 0 hit(s), 0 error(s), 0 left on base; Myrtle Beach 7 - Grand Forks 0 |
TOP OF THE 8TH |
Myrtle Beach Seahawks batting - Pitching for Grand Forks Caterpillars : RHP Luis Villabos
|
Batting: RHB Dionísio Prudente
|
0-0: Ball 1-0: Ball 2-0: Swinging Strike 2-1: Swinging Strike 2-2: SINGLE (Flyball, 89S)
|
Batting: RHB Fernando Pérez
|
0-0: Ground out 5-3 (Groundball, 5S) Dionísio Prudente to second
|
Batting: RHB Jim Unknown
|
0-0: Ball 1-0: Called Strike 1-1: Called Strike 1-2: Ball 2-2: Fly out, F3 (Popup, 3SF)
|
Batting: SHB Jorge Barrios
|
0-0: Called Strike 0-1: Ball 1-1: Foul Ball, location: 2F 1-2: Strikes out looking
|
Top of the 8th over - 0 run(s), 1 hit(s), 0 error(s), 1 left on base; Myrtle Beach 7 - Grand Forks 0 |
BOTTOM OF THE 8TH |
Grand Forks Caterpillars batting - Pitching for Myrtle Beach Seahawks : RHP José Guardado
|
Batting: LHB Felipe Trujillo
|
0-0: Ball 1-0: Ball 2-0: Swinging Strike 2-1: Foul Ball, location: 2F 2-2: Ball 3-2: Strikes out swinging
|
Batting: SHB Luchino Salimbeni
|
0-0: Called Strike 0-1: Foul Ball, location: 2F 0-2: Foul Ball, location: 2F 0-2: Fly out, F8 (Flyball, 89M)
|
Pinch Hitting: LHB Cristo Maez
|
0-0: Called Strike 0-1: Ball 1-1: DOUBLE (Line Drive, 3L)
|
Batting: LHB Júlio Castro
|
0-0: Ball 1-0: Ball 2-0: Ball 3-0: Called Strike 3-1: Base on Balls
|
Batting: LHB Javier Antonio
|
0-0: Ball 1-0: Ball Wild Pitch! Cristo Maez to third Júlio Castro to second 2-0: Foul Ball, location: 2F 2-1: Foul Ball, location: 2F 2-2: Ball 3-2: Fly out, F3 (Line Drive, 3S)
|
Bottom of the 8th over - 0 run(s), 1 hit(s), 0 error(s), 2 left on base; Myrtle Beach 7 - Grand Forks 0 |
TOP OF THE 9TH |
Myrtle Beach Seahawks batting - Pitching for Grand Forks Caterpillars : RHP Luis Villabos
|
Pitching: LHP José Duarte
|
|
Now at 3B: Nathaniel Gault
|
|
Batting: RHB Rodrigo Lugo
|
0-0: Ball 1-0: Foul Ball, location: 2F 1-1: Foul Ball, location: 2F 1-2: Ball 2-2: Strikes out looking
|
Batting: SHB Tony Martínez
|
0-0: Called Strike 0-1: SINGLE (Groundball, 5D)
|
Batting: RHB Roberto Escues
|
0-0: Fly out, F9 (Flyball, 9LS)
|
Batting: RHB Guillaume Colin
|
0-0: Called Strike Pickoff Throw to First - Error! E1 Tony Martínez to second 0-1: Ball 1-1: Ball 2-1: Foul Ball, location: 2F 2-2: Foul Ball, location: 2F 2-2: Foul Ball, location: 2F 2-2: Ball 3-2: Base on Balls
|
Batting: RHB Manuel Díaz
|
0-0: Swinging Strike 0-1: Foul Ball, location: 2F 0-2: Foul Ball, location: 2F 0-2: SINGLE (Groundball, 56) Tony Martínez to third Guillaume Colin to second Runner from 3rd tries for Home, SAFE, no throw or cutoff
|
Batting: RHB Dionísio Prudente
|
0-0: Ball 1-0: Ball 2-0: Ball 3-0: Fly out, F2 (Popup, 2LF)
|
Top of the 9th over - 1 run(s), 2 hit(s), 1 error(s), 2 left on base; Myrtle Beach 8 - Grand Forks 0 |
BOTTOM OF THE 9TH |
Grand Forks Caterpillars batting - Pitching for Myrtle Beach Seahawks : RHP José Guardado
|
Batting: RHB Alfonso Baca
|
0-0: Called Strike 0-1: Ball 1-1: Ground out 6-3 (Groundball, 6)
|
Batting: RHB Fokke Willemsen
|
0-0: Ground out 1-3 (Groundball, 15)
|
Batting: RHB Nobuhiko Nakayama
|
0-0: Ball 1-0: Ball 2-0: Called Strike 2-1: Foul Ball, location: 2F 2-2: Foul Ball, location: 2F 2-2: Foul Ball, location: 2F 2-2: Strikes out looking
|
Bottom of the 9th over - 0 run(s), 0 hit(s), 0 error(s), 0 left on base; Myrtle Beach 8 - Grand Forks 0 |
|